TOP OF THE 1ST |
Tortolita Drummers batting - Pitching for Calgary Lynx : RHP Ray Skipworth
|
Pitching: RHP Ray Skipworth
|
|
Batting: RHB Jeb Sexton
|
0-0: Called Strike 0-1: Foul Ball, location: 2F 0-2: Fly out, F3 (Popup, 3F)
|
Batting: RHB Ricardo Pacheco
|
0-0: Called Strike 0-1: Swinging Strike 0-2: Strikes out swinging
|
Batting: SHB Roberto Mosca
|
0-0: Ball 1-0: Ball 2-0: Foul Ball, location: 2F 2-1: Called Strike 2-2: Strikes out swinging
|
Top of the 1st over - 0 runs, 0 hits, 0 errors, 0 left on base; Tortolita 0 - Calgary 0 |
BOTTOM OF THE 1ST |
Calgary Lynx batting - Pitching for Tortolita Drummers : RHP Armando Romano
|
Pitching: RHP Armando Romano
|
|
Batting: RHB Jing-sheng Joo
|
0-0: Foul Ball, location: 2F 0-1: Ground out 6-3 (Groundball, 6)
|
Batting: LHB Daniel García
|
0-0: Swinging Strike 0-1: Fly out, F4 (Line Drive, 4)
|
Batting: RHB Miguel Rosales
|
0-0: Called Strike 0-1: Ground out 6-3 (Groundball, 6M)
|
Bottom of the 1st over - 0 runs, 0 hits, 0 errors, 0 left on base; Tortolita 0 - Calgary 0 |
TOP OF THE 2ND |
Tortolita Drummers batting - Pitching for Calgary Lynx : RHP Ray Skipworth
|
Batting: RHB Wei-quo Lam
|
0-0: Foul Ball, location: 2F 0-1: Foul Ball, location: 2F 0-2: Strikes out swinging
|
Batting: LHB Steve Costillo
|
0-0: Ball 1-0: Foul Ball, location: 2F 1-1: Called Strike 1-2: Ball 2-2: Ball 3-2: Base on Balls
|
Batting: RHB Jim Burch
|
0-0: Called Strike 0-1: Foul Ball, location: 2F 0-2: Grounds into double play, 6-4-3 (Groundball, 6)
|
Top of the 2nd over - 0 runs, 0 hits, 0 errors, 0 left on base; Tortolita 0 - Calgary 0 |
BOTTOM OF THE 2ND |
Calgary Lynx batting - Pitching for Tortolita Drummers : RHP Armando Romano
|
Batting: RHB Jesús Martínez
|
0-0: Ball 1-0: Called Strike 1-1: Ball 2-1: Ball 3-1: Ground out 4-3 (Groundball, 4)
|
Batting: RHB Ieyoshi Yamamoto
|
0-0: Ball 1-0: Ball 2-0: Ball 3-0: Called Strike 3-1: Base on Balls
|
Batting: RHB Álex Estrada
|
0-0: Ball 1-0: Called Strike 1-1: SINGLE (Flyball, 8LM) Ieyoshi Yamamoto to second
|
Batting: RHB Taylor Landis
|
0-0: Called Strike 0-1: Ball 1-1: Swinging Strike 1-2: SINGLE (Line Drive, 8LS) Ieyoshi Yamamoto to third Álex Estrada to second
|
Batting: RHB Bass Reeves
|
0-0: Ball 1-0: Called Strike 1-1: Foul Ball, location: 2F 1-2: Fly out, F7 (Flyball, 7S) Runner from 3rd tags up, SCORES, no throw
|
Batting: RHB Michael Garrett
|
0-0: Fly out, F9 (Flyball, 89M)
|
Bottom of the 2nd over - 1 run, 2 hits, 0 errors, 2 left on base; Tortolita 0 - Calgary 1 |
TOP OF THE 3RD |
Tortolita Drummers batting - Pitching for Calgary Lynx : RHP Ray Skipworth
|
Batting: RHB Sean Godron
|
0-0: Swinging Strike 0-1: Called Strike 0-2: Fly out, F9 (Flyball, 89M)
|
Batting: RHB Abílio Conceio
|
0-0: Ball 1-0: Ball 2-0: Foul Ball, location: 2F 2-1: Ball 3-1: Base on Balls
|
Batting: RHB Yoshihito Saikawa
|
0-0: Ball 1-0: Grounds into double play, 4-6-3 (Groundball, 4M)
|
Top of the 3rd over - 0 runs, 0 hits, 0 errors, 0 left on base; Tortolita 0 - Calgary 1 |
BOTTOM OF THE 3RD |
Calgary Lynx batting - Pitching for Tortolita Drummers : RHP Armando Romano
|
Batting: RHB Jing-sheng Joo
|
0-0: Ball 1-0: Called Strike 1-1: Foul Ball, location: 2F 1-2: Strikes out swinging
|
Batting: LHB Daniel García
|
0-0: SINGLE (Line Drive, 8RS)
|
Batting: RHB Miguel Rosales
|
0-0: Ball 1-0: Ball 2-0: Ball 3-0: Called Strike 3-1: Base on Balls Daniel García to second
|
Batting: RHB Jesús Martínez
|
0-0: Ball 1-0: Ball 2-0: Fly out, F8 (Flyball, 8RD) Runner from 2nd tags up, SAFE at 3rd with throw
|
Batting: RHB Ieyoshi Yamamoto
|
0-0: Called Strike 0-1: Ball 1-1: Fly out, F6 (Popup, 6D)
|
Bottom of the 3rd over - 0 runs, 1 hit, 0 errors, 2 left on base; Tortolita 0 - Calgary 1 |
TOP OF THE 4TH |
Tortolita Drummers batting - Pitching for Calgary Lynx : RHP Ray Skipworth
|
Batting: RHB Jeb Sexton
|
0-0: Foul Ball, location: 2F 0-1: Ball 1-1: Ball 2-1: Foul Ball, location: 2F 2-2: Foul Ball, location: 2F 2-2: Ball 3-2: Strikes out looking
|
Batting: RHB Ricardo Pacheco
|
0-0: Ball 1-0: Ball 2-0: Ball 3-0: Called Strike 3-1: Foul Ball, location: 2F 3-2: Fly out, F8 (Flyball, 8LD)
|
Batting: SHB Roberto Mosca
|
0-0: Ball 1-0: Foul Ball, location: 2F 1-1: Foul Ball, location: 2F 1-2: Ball 2-2: Ball 3-2: Fly out, F8 (Flyball, 89XD)
|
Top of the 4th over - 0 runs, 0 hits, 0 errors, 0 left on base; Tortolita 0 - Calgary 1 |
BOTTOM OF THE 4TH |
Calgary Lynx batting - Pitching for Tortolita Drummers : RHP Armando Romano
|
Batting: RHB Álex Estrada
|
0-0: Called Strike 0-1: Ball 1-1: Ball 2-1: Ball 3-1: Foul Ball, location: 2F 3-2: Foul Ball, location: 2F 3-2: Foul Ball, location: 2F 3-2: Base on Balls
|
Batting: RHB Taylor Landis
|
0-0: Ball 1-0: Called Strike 1-1: Fly out, F9 (Line Drive, 89D)
|
Batting: RHB Bass Reeves
|
0-0: Ball Álex Estrada is caught stealing 2nd base 1-0: Called Strike 1-1: Called Strike 1-2: Strikes out swinging
|
Bottom of the 4th over - 0 runs, 0 hits, 0 errors, 0 left on base; Tortolita 0 - Calgary 1 |
TOP OF THE 5TH |
Tortolita Drummers batting - Pitching for Calgary Lynx : RHP Ray Skipworth
|
Batting: RHB Wei-quo Lam
|
0-0: Reached on error, E5 (Groundball, 56)
|
Batting: LHB Steve Costillo
|
0-0: Fielders Choice at 2nd, 3-6 (Groundball, 3)
|
Batting: RHB Jim Burch
|
0-0: Ball 1-0: Ball 2-0: Ground out 5-3 (Groundball, 56S) Steve Costillo to second
|
Batting: RHB Sean Godron
|
0-0: Foul Ball, location: 2F 0-1: Ball 1-1: Swinging Strike 1-2: Strikes out looking
|
Top of the 5th over - 0 runs, 0 hits, 1 error, 1 left on base; Tortolita 0 - Calgary 1 |
BOTTOM OF THE 5TH |
Calgary Lynx batting - Pitching for Tortolita Drummers : RHP Armando Romano
|
Batting: RHB Michael Garrett
|
0-0: Fly out, F5 (Line Drive, 5S)
|
Batting: RHB Jing-sheng Joo
|
0-0: Called Strike 0-1: Ground out 5-3 (Groundball, 5)
|
Batting: LHB Daniel García
|
0-0: Ball 1-0: Foul Ball, location: 2F 1-1: Fly out, F8 (Flyball, 89D)
|
Bottom of the 5th over - 0 runs, 0 hits, 0 errors, 0 left on base; Tortolita 0 - Calgary 1 |
TOP OF THE 6TH |
Tortolita Drummers batting - Pitching for Calgary Lynx : RHP Ray Skipworth
|
Batting: RHB Abílio Conceio
|
0-0: Foul Ball, location: 2F 0-1: Ball 1-1: Foul Ball, location: 2F 1-2: Ball 2-2: SINGLE (Groundball, 34D)
|
Batting: RHB Yoshihito Saikawa
|
0-0: Ball 1-0: Grounds into double play, 1-6-3 (Groundball, P)
|
Batting: RHB Jeb Sexton
|
0-0: Called Strike 0-1: Swinging Strike 0-2: Ball 1-2: Ground out 4-3 (Groundball, 4)
|
Top of the 6th over - 0 runs, 1 hit, 0 errors, 0 left on base; Tortolita 0 - Calgary 1 |
BOTTOM OF THE 6TH |
Calgary Lynx batting - Pitching for Tortolita Drummers : RHP Armando Romano
|
Batting: RHB Miguel Rosales
|
0-0: Ball 1-0: Foul Ball, location: 2F 1-1: Swinging Strike 1-2: Fly out, F7 (Flyball, 7S)
|
Batting: RHB Jesús Martínez
|
0-0: Swinging Strike 0-1: Ball 1-1: Called Strike 1-2: Strikes out swinging
|
Batting: RHB Ieyoshi Yamamoto
|
0-0: Ball 1-0: Ball 2-0: SINGLE (Flyball, 9LS)
|
Batting: RHB Álex Estrada
|
0-0: Called Strike 0-1: Ball 1-1: Ball 2-1: Ball 3-1: Foul Ball, location: 2F 3-2: Foul Ball, location: 2F 3-2: Base on Balls Ieyoshi Yamamoto to second
|
Batting: RHB Taylor Landis
|
0-0: Called Strike 0-1: Ball 1-1: Ball 2-1: Swinging Strike 2-2: Foul Ball, location: 2F 2-2: Fielders Choice at 2nd, 5-4 (Groundball, 5)
|
Bottom of the 6th over - 0 runs, 1 hit, 0 errors, 2 left on base; Tortolita 0 - Calgary 1 |
TOP OF THE 7TH |
Tortolita Drummers batting - Pitching for Calgary Lynx : RHP Ray Skipworth
|
Batting: RHB Ricardo Pacheco
|
0-0: Called Strike 0-1: Ball 1-1: Called Strike 1-2: Strikes out looking
|
Batting: SHB Roberto Mosca
|
0-0: Called Strike 0-1: Ball 1-1: Ground out 6-3 (Groundball, 6M)
|
Batting: RHB Wei-quo Lam
|
0-0: Ball 1-0: Ball 2-0: Foul Ball, location: 2F 2-1: Ball 3-1: Foul Ball, location: 2F 3-2: SOLO HOME RUN (Flyball, 89XD), Distance : 381 ft
|
Batting: LHB Steve Costillo
|
0-0: Foul Ball, location: 2F 0-1: Called Strike 0-2: Ball 1-2: Ball 2-2: Ground out 6-3 (Groundball, 6)
|
Top of the 7th over - 1 run, 1 hit, 0 errors, 0 left on base; Tortolita 1 - Calgary 1 |
BOTTOM OF THE 7TH |
Calgary Lynx batting - Pitching for Tortolita Drummers : RHP Armando Romano
|
Batting: RHB Bass Reeves
|
0-0: Foul Ball, location: 2F 0-1: Ball 1-1: Ground out 6-3 (Groundball, 6)
|
Batting: RHB Michael Garrett
|
0-0: SOLO HOME RUN (Flyball, 7D), Distance : 396 ft
|
Batting: RHB Jing-sheng Joo
|
0-0: Fly out, F9 (Flyball, 89M)
|
Batting: LHB Daniel García
|
0-0: DOUBLE (Line Drive, 89D)
|
Batting: RHB Miguel Rosales
|
0-0: Called Strike 0-1: Ball 1-1: Foul Ball, location: 2F 1-2: Fly out, F1 (Line Drive, 13)
|
Bottom of the 7th over - 1 run, 2 hits, 0 errors, 1 left on base; Tortolita 1 - Calgary 2 |
TOP OF THE 8TH |
Tortolita Drummers batting - Pitching for Calgary Lynx : RHP Ray Skipworth
|
Batting: RHB Jim Burch
|
0-0: Fly out, F8 (Flyball, 78M)
|
Batting: RHB Sean Godron
|
0-0: Ground out 4-3 (Groundball, 34S)
|
Batting: RHB Abílio Conceio
|
0-0: Ball 1-0: Ball 2-0: Ball 3-0: Called Strike 3-1: Foul Ball, location: 2F 3-2: Fly out, F9 (Flyball, 9D)
|
Top of the 8th over - 0 runs, 0 hits, 0 errors, 0 left on base; Tortolita 1 - Calgary 2 |
BOTTOM OF THE 8TH |
Calgary Lynx batting - Pitching for Tortolita Drummers : RHP Armando Romano
|
Batting: RHB Jesús Martínez
|
0-0: Called Strike 0-1: Ground out 4-3 (Groundball, 4)
|
Pitching: RHP Dave Seals
|
|
Batting: RHB Ieyoshi Yamamoto
|
0-0: Called Strike 0-1: Called Strike 0-2: Ball 1-2: Ball 2-2: Fly out, F7 (Flyball, 7)
|
Batting: RHB Álex Estrada
|
0-0: SINGLE (Groundball, 56) (infield hit)
|
Batting: RHB Taylor Landis
|
0-0: Foul Ball, location: 2F 0-1: Swinging Strike 0-2: Ball 1-2: Foul Ball, location: 2F 1-2: Strikes out looking
|
Bottom of the 8th over - 0 runs, 1 hit, 0 errors, 1 left on base; Tortolita 1 - Calgary 2 |
TOP OF THE 9TH |
Tortolita Drummers batting - Pitching for Calgary Lynx : RHP Ray Skipworth
|
Batting: RHB Yoshihito Saikawa
|
0-0: Ball 1-0: Ball 2-0: Called Strike 2-1: Ground out 4-3 (Groundball, 34)
|
Pitching: RHP Sukejuro Yokoyama
|
|
Pinch Hitting: RHB Lonnie Conrad
|
0-0: Fly out, F5 (Line Drive, 56S)
|
Batting: RHB Ricardo Pacheco
|
0-0: Called Strike 0-1: Ball 1-1: Foul Ball, location: 2F 1-2: Ball 2-2: Fly out, F4 (Popup, 23)
|
Top of the 9th over - 0 runs, 0 hits, 0 errors, 0 left on base; Tortolita 1 - Calgary 2 |
|